 Dungeon Crawl Stone Soup version 0.29.1-15-g9cfb28693d (webtiles) character file.

Game seed: 6392721782731245250

73 QwertyIsDirtey the Slasher (level 4, -2/41 HPs)
             Began as a Minotaur Berserker on Mar 24, 2023.
             Was a Believer of Trog.
             Slain by a gnoll
             ... wielding a +0 flail
              (8 damage)
             ... on level 2 of the Dungeon.
             The game lasted 00:05:16 (1249 turns).

QwertyIsDirtey the Slasher (Minotaur Berserker)     Turns: 1249, Time: 00:05:17

Health: -2/41      AC:  2    Str: 24    XL:     4   Next: 8%
Magic:  3/3        EV: 12    Int:  4    God:    Trog [**....]
Gold:   106        SH:  0    Dex:  9    Spells: 3/3 levels left

rFire   . . .      SeeInvis .   o - +4 flail
rCold   . . .      Faith    .   (no shield)
rNeg    . . .      Spirit   .   b - +0 animal skin
rPois   .          Reflect  .   (helmet restricted)
rElec   .          Harm     .   (no cloak)
rCorr   .          Rampage  .   (no gloves)
Will    .....                   (no boots)
Stlth   +.........              (no amulet)
HPRegen 0.13/turn               (no ring)
MPRegen 0.08/turn               (no ring)

@: no status effects
A: horns 2, retaliatory headbutt
a: Renounce Religion, Berserk, Trog's Hand


You were on level 2 of the Dungeon.
You worshipped Trog.
Trog was pleased with you.
You visited 1 branch of the dungeon, and saw 2 of its levels.

You collected 106 gold pieces.

Inventory:

Hand Weapons
 a - a +0 falchion
 d - a +0 mace
 g - a +0 dagger
 i - a +0 club
 l - a +0 club
 o - a +4 flail (weapon)
Missiles
 h - 2 javelins (quivered)
Armour
 b - a +0 animal skin (worn)
 f - a +4 ring mail of fire resistance
 j - a +0 cloak
Jewellery
 q - a +4 ring of evasion
Scrolls
 k - 5 scrolls of identify {unknown}
 m - 2 scrolls of magic mapping {unknown}
 p - a scroll of teleportation {unknown}
Potions
 c - 2 potions of curing {unknown}
 e - a potion of haste {unknown}
 n - a potion of lignification {unknown}


   Skills:
 + Level 4.4 Fighting
 + Level 4.8 Long Blades
 + Level 0.1 Maces & Flails
 + Level 2.7 Armour
 + Level 2.8 Dodging
 + Level 0.1 Stealth


You had 3 spell levels left.
You didn't know any spells.
Your spell library was empty.

Dungeon Overview and Level Annotations

Branches:
Dungeon (2/15)

Altars:


Innate Abilities, Weirdness & Mutations

You have a pair of horns on your head.
You reflexively headbutt those who attack you in melee.


Message History

p - a scroll labelled JOURPH RE MOHOS
q - a +4 ring of evasion
Found 8 gold pieces.
You now have 106 gold pieces (gained 8).
You open the door.
There is an open door here.
You see here a frilled lizard corpse.
There is an escape hatch in the floor here.
There is an escape hatch in the floor here.
You open the door. 2 gnolls come into view.
The gnoll shouts!
You hear a shout!
Found 12 gold pieces.
A gnoll comes into view. It is wielding a +0 spear.
Found a pink potion.
Found a stone staircase leading down.
The gnoll shouts!
A gnoll comes into view. It is wielding a +0 flail.
There is an open door here.
The gnoll shouts!
The gnoll barely misses you. You furiously retaliate!
You headbutt the gnoll!
A quokka comes into view.
The gnoll hits you with a +0 halberd! The gnoll barely misses you.
You furiously retaliate!
You headbutt the gnoll. You hit the gnoll. You headbutt the gnoll.
The gnoll is moderately wounded.
The gnoll closely misses you. You furiously retaliate!
You headbutt the gnoll!
You kill the gnoll!
Trog accepts your kill. The gnoll misses you.
The gnoll hits you from afar with a +0 spear!
The gnoll hits you from afar with a +0 spear.
* * * LOW HITPOINT WARNING * * *
You have reached level 4!
You feel stronger. The gnoll hits you with a +0 spear.
* * * LOW HITPOINT WARNING * * *
The gnoll closely misses you.
There is an open door here.
The gnoll attacks as you move away! The gnoll hits you with a +0 flail!
You die...

###########
#...##.....##
##..†......'.
######.........##
#............###
#...........##
##............#
#....##.......#
#.#####>......#
#####@#####.......#
#....g....#.......#
#...gg)...#.......####
#!..r.....#...........
...$........######......
##..........# #......
............# #......
.#>.........# #......
#..........# #......


You could see 3 gnolls and a quokka.

Vanquished Creatures
  2 gnolls (D:2)
  2 dart slugs (D:1)
  A worm (D:2)
  3 ball pythons
  10 bats
  4 endoplasms
  A giant cockroach (D:1)
  4 goblins (D:1)
  2 hobgoblins (D:1)
  4 jackals (D:2)
  2 quokkas (D:1)
  3 frilled lizards
  A kobold (D:1)
  5 rats
44 creatures vanquished.

Notes
Turn   | Place    | Note
-------+----------+-------------------------------------------
     0 | D:1      | QwertyIsDirtey the Minotaur Berserker began the quest for
                  | the Orb.
     0 | D:1      | Reached XP level 1. HP: 19/19 MP: 0/0
   275 | D:1      | Reached XP level 2. HP: 22/27 MP: 1/1
   659 | D:1      | Reached XP level 3. HP: 30/33 MP: 2/2
   760 | D:1      | Reached ** piety under Trog
  1247 | D:2      | Reached XP level 4. HP: 8/41 MP: 3/3
  1249 | D:2      | Slain by a gnoll

Illustrated notes

Levels and vault maps discovered:
D:1:      matt_arrival_refuge, layout_basic, minmay_crystal_water,
          nicolae_titane
D:2:      layout_basic, basic_altar, minmay_misc_feat_nine_boxes, st_stairs_8,
          uniq_robin

Skill      XL: |  1  2 |
---------------+-------+-----
Fighting       | 4 |  4.4
Long Blades    | 4 |  4.8
Maces & Flails | |  0.1
Armour         | |  2.7
Dodging        | |  2.8
Stealth        | |  0.1

Action                   |  1- 3 |  4- 6 || total
-------------------------+-------+-------++-------
Melee: Falchion          |    59 |       ||    59
       Headbutt          |    11 |       ||    11
       Flail             |    22 |       ||    22
       Punch             |     1 |       ||     1
 Stab: Sleeping          |     1 |       ||     1
Armor: Animal skin       |    46 |       ||    46
Dodge: Dodged            |   131 |     1 ||   132
